 Dungeon Crawl Stone Soup version 0.28.0 (webtiles) character file.

Game seed: 17150567835140572004

3 shoop the Scratcher (level 1, -3/9 HPs)
             Began as a Felid Transmuter on Feb 15, 2022.
             Slain by a kobold (4 damage)
             ... on level 1 of the Dungeon.
             The game lasted 00:00:28 (184 turns).

shoop the Scratcher (Felid Transmuter)               Turns: 184, Time: 00:00:28

Health: -3/9       AC:  1    Str:  6    XL:     1   Next: 41%
Magic:  3/4        EV: 17    Int: 14    God:
Gold:   13         SH:  0    Dex: 16    Spells: 3/4 levels left
                                        Lives:  0   Deaths: 0

rFire   . . .      SeeInvis +     - Unarmed
rCold   . . .      Faith    .   (shield unavailable)
rNeg    . . .      Spirit   .   (armour unavailable)
rPois   .          Reflect  .   (helmet unavailable)
rElec   .          Harm     .   (cloak unavailable)
rCorr   .          Rampage  .   (gloves unavailable)
Will    .....                   (boots unavailable)
Stlth   ++........              (no amulet)
HPRegen 0.03/turn               (no ring)
MPRegen 0.09/turn               (no ring)

@: appendages, quick
A: horns 2, very small, claws 1, fangs 3, see invisible, speed 1, shaggy fur 1,
stealthy paws, no weapons or thrown items, no armour, multi-lived
a: End Transformation


You were on level 1 of the Dungeon.
You had temporarily grown beastly horns.
You visited 1 branch of the dungeon, and saw 1 of its levels.

You collected 13 gold pieces.

Inventory:

Scrolls
 a - a scroll of teleportation {unknown}
 b - 2 scrolls of identify {unknown}


   Skills:
 - Level 1.0 Fighting
 - Level 2.6 Dodging
 + Level 1.2 Stealth
 - Level 3.0 Unarmed Combat
 - Level 2.0 Spellcasting
 - Level 2.1 Transmutations
 + Level 0.2 Poison Magic


You had 3 spell levels left.
You knew the following spells:

 Your Spells              Type           Power      Damage    Failure   Level
a - Beastly Appendage     Tmut           14%        N/A       10%         1

Your spell library contained the following spells:

 Spells                   Type           Power      Damage    Failure   Level
 Wereblood                Tmut           7%         N/A       14%         2
 Spider Form              Tmut/Pois      4%         N/A       41%         3
 Ice Form                 Ice/Tmut       4%         N/A       83%         4


Dungeon Overview and Level Annotations

Branches:
Dungeon (1/15)

Altars:


Innate Abilities, Weirdness & Mutations

You have temporarily grown beastly horns.
You have sharp claws.
You have razor-sharp teeth.
You have supernaturally acute eyesight. (SInv)
You cover ground quickly. (Speed+)
You are covered in fur. (AC +1)
Your paws help you pounce on unaware monsters.
You are incapable of wielding weapons or throwing items.
You cannot wear armour.
You gain extra lives every three experience levels.


Message History

You closely miss the bat. The bat hits you. x2
You closely miss the bat. Your bite misses the bat. The bat barely misses you.
The bat completely misses you.
You closely miss the bat. You claw the bat.
You kill the bat!
HP restored.
You now have 13 gold pieces.
You see here 13 stones.
b - a scroll labelled AFAQUJ WOCO
b - 2 scrolls labelled AFAQUJ WOCO (gained 1)
A rat comes into view.
A bat comes into view.
Found a stone staircase leading down.
You pounce on the unaware helpless rat!
You claw the rat!
You kill the rat!
Training target 1.0 for Stealth reached!
Your Stealth skill increases to level 1!
You need to enable at least one skill for training.
Casting: Beastly Appendage (safe; 10% risk of failure)
Confirm with . or Enter, or press ? or * to list all spells.
You grow a pair of large bovine horns.
The bat hits you but does no damage. The bat hits you.
The bat closely misses you.
You miss the bat. Your headbutt misses the bat. The bat barely misses you.
A kobold comes into view. It is wielding a +0 club.
The bat misses you.
You scratch the bat.
You kill the bat!
The kobold shouts!
You hear an angry hiss.
The kobold throws a stone.
The stone hits you.
The kobold throws a stone.
The stone closely misses you.
You closely miss the kobold. The kobold hits you with a +0 club.
You closely miss the kobold. The kobold hits you with a +0 club.
* * * LOW HITPOINT WARNING * * *
You are too injured to fight recklessly!
You are too injured to fight recklessly!
You are too injured to fight recklessly!
You scratch the kobold.
The kobold is heavily wounded.
The kobold hits you with a +0 club.
You die...

##.#.... ..#.#..
......###.#....
#.....#...#.(.. #
..#.##.#.#.#..
#.####.#.##.#...#..
.....#.#.##.#.###.#
#.....##.#.....#
########.#....#.#####
#..K@...†#.##........
##.#######.##.#######
#. #.##.....# #
#........# #.########
#.. ..


You could see a kobold.

Vanquished Creatures
  2 bats (D:1)
  A rat (D:1)
3 creatures vanquished.

Notes
Turn   | Place    | Note
-------+----------+-------------------------------------------
     0 | D:1      | shoop the Felid Transmuter began the quest for the Orb.
     0 | D:1      | Reached XP level 1. HP: 9/9 MP: 4/4
   173 | D:1      | Reached skill level 1 in Stealth
   184 | D:1      | Slain by a kobold

Illustrated notes

Levels and vault maps discovered:
D:1:      amcnicky_arrival_blooded_trapdoor, layout_basic

Skill      XL: |  1 |
---------------+----+-----
Stealth        | 1 |  1.2
Fighting       | |  1.0
Dodging        | |  2.6
Unarmed Combat | |  3.0
Spellcasting   | |  2.0
Transmutations | |  2.1
Poison Magic   | |  0.2

Action                   || total
-------------------------++-------
Melee: Unarmed           ||     9
       Punch             ||     1
 Cast: Beastly Appendage ||     1
 Stab: Sleeping          ||     1
Armor: Skin              ||     1
Dodge: Dodged            ||     7
